 Dungeon Crawl Stone Soup version 0.31.0-9-g3a7656b989 (webtiles) character file.

Game seed: 17587707299891751448

6108 qw the Skirmisher (level 10, -13/63 HPs)
             Began as a Deep Elf Hunter on Feb 2, 2024.
             Was an Initiate of Okawaru.
             Mangled by a komodo dragon (23 damage)
             ... on level 1 of the Lair of Beasts.
             The game lasted 00:00:52 (7488 turns).

qw the Skirmisher (Deep Elf Hunter)                 Turns: 7488, Time: 00:00:52

Health: -13/63     AC: 18    Str: 12    XL:     10   Next: 58%
Magic:  12/12      EV: 18    Int: 15    God:    Okawaru [......]
Gold:   174        SH:  0    Dex: 18    Spells: 9/9 levels left

rFire   . . .        g - +0 orcbow
rCold   + . .        (shield currently unavailable)
rNeg    . . .        q - +3 scale mail {rPois}
rPois   +            m - +0 helmet
rElec   .            e - +0 cloak
rCorr   .            i - +1 pair of gloves
SInv    .            h - +2 pair of boots
Will    +....        (no amulet)
Stlth   ++           b - ring "Ustru" {Wiz rC+ Stlth+}
HPRegen 0.30/turn    o - +5 ring of evasion
MPRegen 0.13/turn

%: clarity, wizardry (x1)
@: about to teleport, hasted, very quick
A: clarity, subdued magic 1
a: Renounce Religion


You were on level 1 of the Lair of Beasts.
You worshipped Okawaru.
Okawaru was noncommittal.
You visited 3 branches of the dungeon, and saw 10 of its levels.

You collected 442 gold pieces.
You spent 268 gold pieces at shops.


Innate Abilities, Weirdness & Mutations

You possess an exceptional clarity of mind.
Your spells are a little easier to cast, but a little less powerful.


   Skills:
 - Level 7.3 Fighting
 + Level 14.0 Ranged Weapons
 - Level 4.9 Armour
 - Level 8.6 Dodging
 - Level 1.2 Stealth


You had 9 spell levels left.
You didn't know any spells.
Your spell library was empty.

Inventory:

Hand Weapons
 g - a +0 orcbow (weapon)
Armour
 e - a +0 cloak (worn)
 h - a +2 pair of boots (worn)
 i - a +1 pair of gloves (worn)
 m - a +0 helmet (worn)
 q - a +3 scale mail of poison resistance (worn)
Jewellery
 b - the ring "Ustru" (left hand) {Wiz rC+ Stlth+}
   (You found it on level 2 of the Dungeon)

   [ring of wizardry]

   Wiz:       It improves your spell success rate.
   rC+:       It protects you from cold.
   Stlth+:    It makes you more stealthy.
 o - a +5 ring of evasion (right hand)
Wands
 d - a wand of polymorph (8)
 s - a wand of mindburst (13)
Scrolls
 c - 3 scrolls of identify
Potions
 f - 2 potions of mutation
 l - 2 potions of curing

Dungeon Overview and Level Annotations

Branches:
Dungeon (8/15)             Temple (1/1) D:7            Lair (1/5) D:8

Altars:
Ashenzari
Cheibriados
Dithmenos
Elyvilon
Fedhas
Gozag
Hepliaklqana
Kikubaaqudgha
Makhleb
Nemelex Xobeh
Okawaru
Qazlal
Ru
Sif Muna
Trog
Uskayaw
Vehumet
Wu Jian
Yredelemnul
Zin
The Shining One

Shops:
D:1 [   D:3 [[(?   D:4 [   D:5 ?


Message History

You feel sick.
A rime drake comes into view.
The bullfrog hits you.
You shoot an arrow. The rime drake hisses angrily.
The arrow hits the cane toad.
The cane toad is almost dead.
Your surroundings suddenly seem different.
A komodo dragon comes into view.
Found a trident.
You feel sick.
You shoot an arrow. The arrow hits the komodo dragon.
The komodo dragon hisses angrily.
The komodo dragon is lightly wounded.
You feel sick.
You shoot an arrow.
The arrow closely misses the komodo dragon.
You feel sick.
You shoot an arrow.
The arrow barely misses the komodo dragon.
You feel sick.
You shoot an arrow.
The arrow closely misses the komodo dragon.
You shoot an arrow.
The arrow closely misses the komodo dragon.
You feel sick.
7485 ||| READING scroll of teleportation.
As you read the scroll of teleportation, it crumbles to dust.
You feel strangely unstable.
You feel sick.
You shoot an arrow. The arrow hits the komodo dragon!
The komodo dragon is moderately wounded.
You shoot an arrow. The arrow hits the komodo dragon!
The komodo dragon is heavily wounded.
You feel sick.
You are no longer poisoned.
The komodo dragon barely misses you.
You shoot an arrow. The arrow hits the komodo dragon.
The komodo dragon is severely wounded.
The komodo dragon bites you!!
You die...

## ###....#
.##.###.#....#
............#
......)....#
#.........#
#.........#
#...l.....#
#...@.....# #
..............#
#
...#.........##
# .
...........# #
...#.........#
# ##
#.####P....# #
.. ....## # ...
#...# #


You could see a komodo dragon.

Vanquished Creatures
  2 two-headed ogres (D:8)
  Jeremiah (D:8)
  Sigmund (D:3)
  4 yaks (D:8)
  2 wyverns
  2 basilisks (D:8)
  Edmund (D:5)
  3 water moccasins
  An ice beast (D:4)
  A sky beast (D:8)
  An orc warrior (D:7)
  3 ogres
  2 boggarts (D:8)
  2 kobold brigands
  A phantom (D:4)
  2 centaurs (D:8)
  A bullfrog (D:7)
  A gnoll sergeant (D:8)
  A scorpion (D:7)
  9 wights (D:6)
  4 killer bees (D:8)
  2 howler monkeys
  10 orc priests
  2 jellies
  3 iguanas
  6 orc wizards
  Robin (D:2)
  8 adders
  7 gnolls
  A shadow imp (D:5)
  3 white imps
  2 ufetubi (D:7)
  2 ribbon worms
  53 orcs
  4 bats
  5 endoplasms
  4 giant cockroaches
  16 goblins
  12 hobgoblins
  A jackal (D:4)
  21 kobolds
  2 quokkas
  9 ball pythons
  2 frilled lizards
  5 rats
226 creatures vanquished.

Notes
Turn   | Place    | Note
-------+----------+-------------------------------------------
     0 | D:1      | qw the Deep Elf Hunter began the quest for the Orb.
     0 | D:1      | Reached XP level 1. HP: 12/12 MP: 3/3
     0 | D:1      | 0 ||| qw: Version: 0.3-a-155-g5e7d8dd
     0 | D:1      | 0 ||| qw: Game counter: 295
     0 | D:1      | 0 ||| qw: Melee chars always use a shield: true
     0 | D:1      | 0 ||| qw: God list: Okawaru
     0 | D:1      | 0 ||| qw: Allow faded altars: false
     0 | D:1      | 0 ||| qw: Do Orc after clearing Dungeon:15 true
     0 | D:1      | 0 ||| qw: Do second Lair branch before Depths: true
     0 | D:1      | 0 ||| qw: Lair rune preference: random
     0 | D:1      | 0 ||| qw: Goals: Normal
     0 | D:1      | 0 ||| PLANNING D:1-11
   123 | D:1      | Reached skill level 6 in Ranged Weapons
   123 | D:1      | Reached XP level 2. HP: 16/16 MP: 4/4
   191 | D:1      | Found Xioc's Antique Armour Emporium.
   195 | D:1      | 195 ||| SHOPLISTING fading ring mail (216 gold, have 39).
   195 | D:1      | 195 ||| SHOPLISTING ring mail (96 gold, have 39).
   195 | D:1      | 195 ||| SHOPLISTING scale mail (96 gold, have 39).
   643 | D:1      | 643 ||| UPGRADING to +0 cloak.
   648 | D:1      | 648 ||| UPGRADING to +0 robe of cold resistance.
   658 | D:1      | 658 ||| UPGRADING to +0 pair of boots.
   663 | D:1      | 663 ||| READING scroll labelled XITUISOO ASUKI.
   663 | D:1      | 663 ||| ENCHANTING +0 pair of boots.
   664 | D:1      | 664 ||| READING scroll labelled MEOR KEKABAGG.
   664 | D:1      | 664 ||| IDENTIFYING pink potion
   665 | D:1      | 665 ||| READING scroll labelled BEAMAL ZETUCW.
   666 | D:1      | 666 ||| DRINKING 2 bubbling red potions.
   666 | D:1      | Gained mutation: Your spells are a little easier to cast,
                  | but a little less powerful. [potion of mutation]
   666 | D:1      | Gained mutation: You possess an exceptional clarity of
                  | mind. [potion of mutation]
   667 | D:1      | 667 ||| DRINKING 2 puce potions.
   668 | D:1      | 668 ||| DROPPING scroll of butterflies.
   669 | D:1      | 669 ||| DROPPING potion of degeneration.
   670 | D:1      | 670 ||| DROPPING potion of attraction.
   722 | D:2      | Identified the ring "Ustru" {Wiz rC+ Stlth+}
   849 | D:2      | Reached XP level 3. HP: 20/20 MP: 5/5
   900 | D:2      | 900 ||| READING scroll of enchant armour.
   900 | D:2      | 900 ||| ENCHANTING +1 pair of boots.
   930 | D:2      | Found a shimmering blue altar of Sif Muna.
  1260 | D:2      | 1260 ||| UPGRADING to +0 pair of gloves.
  1265 | D:2      | 1265 ||| UPGRADING to +0 helmet.
  1270 | D:2      | 1270 ||| UPGRADING to ring "Ustru" {Wiz rC+ Stlth+}.
  1271 | D:2      | 1271 ||| READING scroll labelled ROTUUNTU GIMA.
  1271 | D:2      | 1271 ||| ENCHANTING +0 shortbow.
  1272 | D:2      | 1272 ||| READING scroll labelled ARUBRE ZAUXTEC.
  1272 | D:2      | 1272 ||| BRANDING +1 shortbow.
  1303 | D:3      | Noticed Robin
  1303 | D:3      | Found Tenguthu's Weapon Emporium.
  1305 | D:3      | 1305 ||| STAIRDANCE
  1312 | D:3      | 1312 ||| STAIRDANCE
  1326 | D:3      | 1326 ||| STAIRDANCE
  1329 | D:2      | Reached skill level 7 in Ranged Weapons
  1332 | D:3      | 1332 ||| STAIRDANCE
  1393 | D:3      | 1393 ||| STAIRDANCE
  1401 | D:3      | 1401 ||| STAIRDANCE
  1406 | D:3      | 1406 ||| STAIRDANCE
  1411 | D:3      | 1411 ||| STAIRDANCE
  1418 | D:2      | Killed Robin
  1462 | D:3      | 1462 ||| STAIRDANCE
  1469 | D:3      | 1469 ||| STAIRDANCE
  1477 | D:3      | 1477 ||| STAIRDANCE
  1480 | D:2      | Reached XP level 4. HP: 25/25 MP: 6/6
  1484 | D:3      | 1484 ||| STAIRDANCE
  1492 | D:3      | Found Yfrer's Magic Scroll Emporium.
  1508 | D:3      | Found Dorhual's Antique Armour Emporium.
  1514 | D:3      | 1514 ||| BUYING scroll of identify (26 gold).
  1514 | D:3      | Bought a scroll of identify for 26 gold pieces
  1514 | D:3      | 1514 ||| BUYING scroll of identify (26 gold).
  1514 | D:3      | Bought a scroll of identify for 26 gold pieces
  1514 | D:3      | 1514 ||| BUYING scroll of identify (26 gold).
  1514 | D:3      | Bought a scroll of identify for 26 gold pieces
  1531 | D:3      | 1531 ||| SHOPLISTING runed leather armour (115 gold, have
                  | 47).
  1531 | D:3      | 1531 ||| SHOPLISTING runed robe (85 gold, have 47).
  1601 | D:3      | 1601 ||| FLEEEEING.
  1602 | D:3      | 1602 ||| FLEEEEING.
  1603 | D:3      | 1603 ||| FLEEEEING.
  1604 | D:3      | 1604 ||| FLEEEEING.
  1617 | D:3      | Reached skill level 8 in Ranged Weapons
  1666 | D:3      | Identified the +6 flail "Plog" {heavy, rF+ rCorr}
  1681 | D:3      | Reached skill level 3 in Dodging
  1681 | D:3      | Reached XP level 5. HP: 10/29 MP: 7/7
  1681 | D:3      | 1681 ||| FLEEEEING.
  1682 | D:3      | 1682 ||| FLEEEEING.
  1683 | D:3      | 1683 ||| FLEEEEING.
  1924 | D:3      | Noticed Sigmund
  1935 | D:3      | Killed Sigmund
  1936 | D:3      | Reached skill level 9 in Ranged Weapons
  1936 | D:3      | Reached XP level 6. HP: 34/34 MP: 8/8
  1943 | D:3      | Found Opuykele's Antique Armour Shop.
  1952 | D:3      | 1952 ||| SHOPLISTING glowing leather armour (130 gold, have
                  | 105).
  1952 | D:3      | 1952 ||| SHOPLISTING pair of glowing gloves (195 gold, have
                  | 105).
  1952 | D:3      | 1952 ||| SHOPLISTING shiny ring mail (182 gold, have 105).
  2223 | D:3      | Found the +7 staff of the Meek {protect, meekguard}
  2317 | D:3      | Found a bloodstained altar of Trog.
  2319 | D:3      | 2319 ||| DROPPING +0 leather armour.
  2320 | D:3      | 2320 ||| UPGRADING to +0 scale mail.
  2330 | D:3      | 2330 ||| DROPPING +0 robe of cold resistance.
  2331 | D:3      | 2331 ||| UPGRADING to +3 scale mail of poison resistance.
  2341 | D:3      | 2341 ||| DROPPING +0 scale mail.
  2342 | D:3      | 2342 ||| UPGRADING to +5 ring of evasion.
  2343 | D:3      | 2343 ||| READING 3 scrolls of identify.
  2343 | D:3      | 2343 ||| IDENTIFYING bubbling green potion
  2344 | D:3      | 2344 ||| READING 2 scrolls of identify.
  2344 | D:3      | 2344 ||| IDENTIFYING red potion
  2345 | D:3      | 2345 ||| READING scroll of identify.
  2345 | D:3      | 2345 ||| IDENTIFYING 2 yellow potions
  2346 | D:3      | 2346 ||| READING scroll labelled NUOLOA MOTENAL.
  2447 | D:3      | 2447 ||| READING scroll labelled NOBUXK ODEDAKK.
  2484 | D:4      | Found Reotoud's Armour Emporium.
  2530 | D:4      | Reached skill level 1 in Armour
  2833 | D:4      | Found a shadowy altar of Dithmenos.
  2984 | D:4      | Noticed an ice beast
  2990 | D:4      | Killed an ice beast
  2991 | D:4      | Reached skill level 10 in Ranged Weapons
  2991 | D:4      | Reached XP level 7. HP: 40/40 MP: 9/9
  3097 | D:4      | 3097 ||| DROPPING ring of magical power.
  3098 | D:4      | 3098 ||| READING 3 scrolls of identify.
  3098 | D:4      | 3098 ||| IDENTIFYING scroll labelled WOVOFO NEEH
  3099 | D:4      | 3099 ||| DROPPING scroll of revelation.
  3106 | D:5      | Entered Level 5 of the Dungeon
  3197 | D:5      | Found a shimmering blue altar of Sif Muna.
  3227 | D:5      | Found Coenia's Magic Scroll Boutique.
  3230 | D:5      | 3230 ||| BUYING scroll of enchant armour (75 gold).
  3230 | D:5      | Bought a scroll of enchant armour for 75 gold pieces
  3230 | D:5      | 3230 ||| BUYING scroll of enchant weapon (75 gold).
  3230 | D:5      | Bought a scroll of enchant weapon for 75 gold pieces
  3230 | D:5      | 3230 ||| SHOPLISTING scroll of enchant weapon (75 gold,
                  | have 52).
  3230 | D:5      | 3230 ||| BUYING scroll of identify (20 gold).
  3230 | D:5      | Bought a scroll of identify for 20 gold pieces
  3230 | D:5      | 3230 ||| BUYING scroll of identify (20 gold).
  3230 | D:5      | Bought a scroll of identify for 20 gold pieces
  3230 | D:5      | 3230 ||| SHOPLISTING scroll of teleportation (30 gold, have
                  | 12).
  3230 | D:5      | 3230 ||| READING scroll of enchant armour.
  3230 | D:5      | 3230 ||| ENCHANTING +0 pair of gloves.
  3231 | D:5      | 3231 ||| READING scroll of enchant weapon.
  3231 | D:5      | 3231 ||| ENCHANTING +1 shortbow of flaming.
  3325 | D:5      | Reached skill level 11 in Ranged Weapons
  3711 | D:5      | Reached skill level 12 in Ranged Weapons
  3739 | D:5      | Noticed Edmund
  3762 | D:5      | Killed Edmund
  3763 | D:5      | Reached XP level 8. HP: 26/45 MP: 10/10
  3790 | D:5      | 3790 ||| FLEEEEING.
  3792 | D:5      | 3792 ||| FLEEEEING.
  3805 | D:5      | 3805 ||| FLEEEEING.
  4012 | D:5      | 4012 ||| READING 6 scrolls of identify.
  4012 | D:5      | 4012 ||| IDENTIFYING murky golden potion
  4013 | D:5      | 4013 ||| READING 5 scrolls of identify.
  4013 | D:5      | 4013 ||| IDENTIFYING 2 silvery potions
  4014 | D:5      | 4014 ||| READING 4 scrolls of identify.
  4014 | D:5      | 4014 ||| IDENTIFYING scroll labelled JEHUP UGIO
  4015 | D:5      | 4015 ||| READING 3 scrolls of identify.
  4015 | D:5      | 4015 ||| IDENTIFYING scroll labelled HAHEWK PUDDEY
  4016 | D:5      | 4016 ||| DROPPING potion of magic.
  4017 | D:5      | 4017 ||| DROPPING 2 potions of berserk rage.
  4018 | D:5      | 4018 ||| DROPPING scroll of noise.
  4087 | D:6      | Reached skill level 3 in Fighting
  4165 | D:6      | Reached skill level 13 in Ranged Weapons
  4326 | D:6      | Reached skill level 14 in Ranged Weapons
  4398 | D:6      | Noticed a cyclops
  4398 | D:6      | Noticed a komodo dragon
  4615 | D:6      | Found a blossoming altar of Fedhas.
  4734 | D:7      | 4734 ||| STAIRDANCE
  4738 | D:7      | 4738 ||| STAIRDANCE
  4761 | D:7      | 4761 ||| STAIRDANCE
  4774 | D:7      | 4774 ||| STAIRDANCE
  4866 | D:7      | 4866 ||| STAIRDANCE
  4970 | D:7      | 4970 ||| STAIRDANCE
  4974 | D:6      | Reached XP level 9. HP: 52/52 MP: 11/11
  4974 | D:6      | 4974 ||| DROPPING wand of flame (13).
  5144 | D:7      | Found a staircase to the Ecumenical Temple.
  5145 | D:7      | 5145 ||| PLANNING TEMPLE
  5172 | D:7      | Reached skill level 3 in Armour
  5310 | Temple   | Entered the Ecumenical Temple
  5311 | Temple   | 5311 ||| PLANNING D:1-11
  5398 | D:7      | Found a flagged portal.
  5557 | D:7      | Identified the +3 leather armour of Okawaru's Anger {Str+5}
  5948 | D:7      | 5948 ||| DROPPING +3 leather armour of Okawaru's Anger
                  | {Str+5}.
  5949 | D:7      | 5949 ||| READING 3 scrolls of identify.
  5949 | D:7      | 5949 ||| IDENTIFYING blue potion
  5984 | D:8      | Found a basalt altar of Yredelemnul.
  5988 | D:8      | 5988 ||| STAIRDANCE
  5996 | D:8      | 5996 ||| STAIRDANCE
  6002 | D:8      | 6002 ||| STAIRDANCE
  6007 | D:8      | 6007 ||| STAIRDANCE
  6077 | D:8      | 6077 ||| RETREEEEATING.
  6078 | D:8      | 6078 ||| RETREEEEATING.
  6081 | D:8      | 6081 ||| RETREEEEATING.
  6085 | D:8      | 6085 ||| DRINKING 3 potions of haste.
  6097 | D:8      | Reached skill level 6 in Dodging
  6154 | D:8      | 6154 ||| DRINKING potion of cancellation.
  6157 | D:8      | Reached XP level 10. HP: 37/60 MP: 12/12
  6235 | D:8      | Found a staircase to the Lair.
  6316 | D:8      | Identified the +10 long sword of Conflict {elec, rPois rC++
                  | rN+ Stlth+}
  6341 | D:8      | Found a snail-covered altar of Cheibriados.
  6359 | D:8      | Reached skill level 6 in Fighting
  6504 | D:8      | Found a radiant altar of Vehumet.
  6576 | D:8      | Noticed Jeremiah
  6578 | D:8      | 6578 ||| RETREEEEATING.
  6580 | D:8      | 6580 ||| RETREEEEATING.
  6584 | D:8      | Noticed a two-headed ogre
  6585 | D:8      | 6585 ||| RETREEEEATING.
  6590 | D:8      | 6590 ||| RETREEEEATING.
  6596 | D:8      | 6596 ||| RETREEEEATING.
  6601 | D:8      | 6601 ||| DRINKING 3 potions of haste.
  6609 | D:8      | Killed a two-headed ogre
  6610 | D:8      | 6610 ||| FLEEEEING.
  6611 | D:8      | 6611 ||| FLEEEEING.
  6612 | D:8      | 6612 ||| FLEEEEING.
  6613 | D:8      | 6613 ||| FLEEEEING.
  6614 | D:8      | 6614 ||| FLEEEEING.
  6615 | D:8      | 6615 ||| FLEEEEING.
  6616 | D:8      | 6616 ||| FLEEEEING.
  6617 | D:8      | 6617 ||| FLEEEEING.
  6618 | D:8      | 6618 ||| FLEEEEING.
  6620 | D:8      | 6620 ||| FLEEEEING.
  6636 | D:8      | Killed Jeremiah
  6700 | D:8      | Noticed a two-headed ogre
  6703 | D:8      | 6703 ||| DRINKING 2 potions of haste.
  6723 | D:8      | Killed a two-headed ogre
  7118 | D:8      | Found an iron altar of Okawaru.
  7119 | D:8      | 7119 ||| PLANNING OKAWARU WORSHIP
  7122 | D:8      | Became a worshipper of Warmaster Okawaru
  7123 | D:8      | 7123 ||| PLANNING D:1-11
  7134 | D:8      | Found a sacrificial altar of Ru.
  7224 | D:8      | 7224 ||| SWAPPING to +0 orcbow.
  7225 | D:8      | 7225 ||| DROPPING +2 shortbow of flaming.
  7393 | D:8      | Found a sparkling altar of Nemelex Xobeh.
  7396 | D:8      | 7396 ||| PLANNING LAIR
  7451 | Lair:1   | Entered Level 1 of the Lair of Beasts
  7451 | Lair:1   | Noticed a black mamba
  7452 | Lair:1   | 7452 ||| DRINKING potion of haste.
  7465 | Lair:1   | HP: 10/63 [black mamba (7)]
  7466 | Lair:1   | 7466 ||| READING 3 scrolls of teleportation.
  7467 | Lair:1   | 7467 ||| DRINKING 2 potions of heal wounds.
  7470 | Lair:1   | Noticed a cane toad
  7471 | Lair:1   | HP: 12/63 [cane toad (11)]
  7472 | Lair:1   | 7472 ||| READING 2 scrolls of teleportation.
  7473 | Lair:1   | 7473 ||| DRINKING potion of heal wounds.
  7478 | Lair:1   | HP: 15/63 [bullfrog (3)]
  7484 | Lair:1   | HP: 11/63 [poisoned by a black mamba]
  7485 | Lair:1   | 7485 ||| READING scroll of teleportation.
  7488 | Lair:1   | Mangled by a komodo dragon

Levels and vault maps discovered:
D:1:      dpeg_arrival_simpleton_a, layout_loops_ring, serial_shops,
          nicolae_shop_pleasant_corner_grove
D:2:      layout_basic, basic_altar
D:3:      layout_basic, general_overflow_altar, serial_shops,
          nicolae_shop_bloodbath_and_beyond, shop, shop, shop,
          pf_guarded_unrand_meek, uniq_robin, uniq_sigmund
D:4:      minmay_razor_zed, layout_rooms, lemuel_doored_altar, serial_shops,
          nicolae_shop_statue_plus
D:5:      layout_loops_cross, kennysheep_mini, serial_shops,
          nicolae_shop_behind_doors, nicolae_figureground_sparkle, uniq_edmund
D:6:      layout_cave_pools, old_standard_altar, grunt_decor_fettered,
          amcnicky_mini_pool_small, minmay_holes, lightli_corner_chamber
D:7:      layout_basic, temple_statues, enter_bailey_3, roderic_roman_lattice
D:8:      layout_loops_ring, nemelex_diamond_rough_becter,
          nicolae_overflow_quartered_altars, mainiacjoe_overflow_chevrons,
          minmay_lair_entry_grove, nicolae_phantomly_mirrored, uniq_jeremiah
Temple:   minmay_freezing_vapour_temple
Lair:1:   layout_chaotic_city, nzn_random_ring, grunt_megastairs_4,
          infiniplex_staircase_pool_2

Skill      XL: |  1  2  3  4  5  6  7  8  9 10 |
---------------+-------------------------------+-----
Ranged Weapons | 6 7 8 9 10 12 14 | 14.0
Dodging        | 3 4 7 8 |  8.6
Fighting       | 2 3 5 7 |  7.3
Armour         | 1 2 4 |  4.9
Stealth        | |  1.2

Action                     |  1- 3 |  4- 6 |  7- 9 | 10-12 || total
---------------------------+-------+-------+-------+-------++-------
   Fire: Shortbow          |   128 |   145 |   434 |   129 ||   836
         Orcbow            |       |       |       |    31 ||    31
    Use: Scroll            |     6 |     5 |     8 |     3 ||    22
         Potion            |     2 |       |     2 |     5 ||     9
 Armour: Leather armour    |     6 |       |       |       ||     6
         Robe              |    36 |     7 |       |       ||    43
         Scale mail        |       |    25 |   128 |    58 ||   211
  Dodge: Dodged            |    54 |    29 |   176 |    86 ||   345

Table legend:
 A = Non-vault XP
 B = Vault XP
 C = Vault XP percentage of total XP
 D = Non-vault monster count
 E = Vault monster count
 F = Vault count percentage of total count
                 A         B        C        D         E       F
            +---------+---------+-------+---------+---------+-------
      Total |    4127 |    4599 |  52.7 |     176 |      50 |  22.1
            +---------+---------+-------+---------+---------+-------
        D:1 |      30 |       0 |   0.0 |      18 |       0 |   0.0
        D:2 |      39 |      34 |  46.6 |      20 |      11 |  35.5
        D:3 |     113 |     278 |  71.1 |      18 |       6 |  25.0
        D:4 |     190 |     171 |  47.4 |      13 |      13 |  50.0
        D:5 |     558 |     153 |  21.5 |      32 |       1 |   3.0
        D:6 |    1260 |       0 |   0.0 |      25 |       0 |   0.0
        D:7 |    1038 |       8 |   0.8 |      27 |       4 |  12.9
        D:8 |     899 |    3955 |  81.5 |      23 |      15 |  39.5
            +---------+---------+-------+---------+---------+-------
